 Dungeon Crawl Stone Soup version 0.19.4 (webtiles) character file.

98 ponk the Covert (level 4, -7/33 HPs)
             Began as a Vampire Assassin on Jan 31, 2017.
             Killed from afar by Vorshek's ghost (8 damage)
             ... with a magic dart
             ... on level 3 of the Dungeon.
             The game lasted 00:04:54 (2273 turns).

ponk the Covert (Vampire Assassin)                  Turns: 2273, Time: 00:04:55

Health: -7/33      AC:  3    Str: 10    XL:     4   Next: 43%
Magic:  3/4        EV: 12    Int: 13    God:
Gold:   144        SH:  0    Dex: 16    Spells: 0 memorised, 3 levels left

rFire  . . .     SeeInvis +     i - +4 dagger
rCold  . . .     Gourm    .     c - +0 robe
rNeg   + . .     Faith    .     (no shield)
rPois  .         Spirit   .     (no helmet)
rElec  .         Reflect  .     d - +0 cloak
rCorr  .         Harm     .     (no gloves)
MR     .....                    (no boots)
Stlth  ++++......               (no amulet)
                                (no ring)
                                (no ring)

@: no status effects
A: fangs 3, see invisible, unbreathing
a: Bat Form


You were on level 3 of the Dungeon.
You were not thirsty.

You visited 1 branch of the dungeon, and saw 3 of its levels.

You collected 144 gold pieces.

Inventory:

Hand Weapons
 a - a +2 dagger
 b - a +0 blowgun
 i - a +4 dagger (weapon)
Missiles
 e - 8 poisoned needles
 f - 2 curare-tipped needles
Armour
 c - a +0 robe (worn)
 d - a +0 cloak (worn)
Scrolls
 h - a scroll of recharging {unknown}
 j - 2 scrolls of remove curse {unknown}
 k - a scroll of random uselessness {unknown}
 m - a scroll of fear {unknown}
 n - a scroll of noise {unknown}
 o - a scroll of enchant armour {unknown}
 q - 3 scrolls of identify {unknown}
 s - a scroll of teleportation {unknown}
 u - a scroll of blinking {unknown}
 v - a scroll of amnesia {unknown}
Potions
 g - 22 potions of blood
 l - a potion of curing {unknown}
 p - a potion of might {unknown}
 r - a potion of lignification {unknown}
 t - a potion of berserk rage {unknown}


   Skills:
 - Level 1.7 Fighting
 + Level 3.5 Short Blades
 - Level 1.5 Throwing
 - Level 1.1 Dodging
 * Level 8.0 Stealth


You had 3 spell levels left.
You didn't know any spells.

Dungeon Overview and Level Annotations

Branches:
Dungeon (3/15)

Altars:
Gozag
Qazlal
Yredelemnul

Annotations:
D:3 Vorshek's ghost, amateur GrWz


Innate Abilities, Weirdness & Mutations

You have razor-sharp teeth.
You have supernaturally acute eyesight. (SInv)
You can survive without breathing.


Message History

Vorshek's ghost hits you but does no damage.
You hit Vorshek's ghost.
Vorshek's ghost is severely damaged.
Vorshek's ghost barely misses you.
You hit Vorshek's ghost but do no damage.
You bite Vorshek's ghost.
Vorshek's ghost is severely damaged.
You hit Vorshek's ghost but do no damage.
You bite Vorshek's ghost, but do no damage.
Vorshek's ghost is severely damaged.
Vorshek's ghost casts a spell at you. The magic dart hits you!
* * * LOW HITPOINT WARNING * * *
You closely miss Vorshek's ghost.
Vorshek's ghost is severely damaged.
Vorshek's ghost hits you.
* * * LOW HITPOINT WARNING * * *
Vorshek's ghost points at you and mumbles some strange words.
The magic dart hits you!
You die...

#.....#.##.....##....
##.....#..#.....##..%.
#._.....#.#.....#.....
#......(#.#.#.#.#.....
#.......#..####....###
#.......#### ######
#....W..# ###.....#
#..@..# #..#.## #..#)#
#..#.# #..#.# #..#.#
####.# .#


You could see Vorshek's ghost.

Vanquished Creatures
  3 adders (D:3)
  2 oozes
  A worm (D:3)
  A dart slug (D:1)
  4 leopard geckos
  2 giant cockroaches
  6 goblins
  5 hobgoblins
  4 jackals (D:2)
  8 kobolds
  A quokka (D:2)
  A ball python (D:2)
  4 bats
  6 frilled lizards
  7 rats
55 creatures vanquished.

Notes
Turn   | Place    | Note
-------+----------+-------------------------------------------
     0 | D:1      | ponk the Vampire Assassin began the quest for the Orb.
     0 | D:1      | Reached XP level 1. HP: 16/16 MP: 1/1
    29 | D:1      | Reached skill level 6 in Stealth
   399 | D:1      | Reached XP level 2. HP: 16/22 MP: 2/2
   905 | D:1      | Reached skill level 7 in Stealth
   905 | D:1      | Reached XP level 3. HP: 27/27 MP: 3/3
  1611 | D:2      | Found a basalt altar of Yredelemnul.
  1743 | D:2      | Found a stormy altar of Qazlal.
  1954 | D:3      | Found an opulent altar of Gozag.
  2035 | D:3      | Reached XP level 4. HP: 33/33 MP: 4/4
  2072 | D:3      | Reached skill level 8 in Stealth
  2249 | D:3      | Noticed Vorshek's ghost (amateur GrWz)
  2272 | D:3      | HP: 1/33 [Vorshek's ghost (4)]
  2273 | D:3      | Killed from afar by Vorshek's ghost

Skill      XL: |  1  2  3  4 |
---------------+-------------+-----
Stealth        | 6 7 8 |  8.0
Short Blades   | 3 |  3.5
Fighting       | |  1.7
Throwing       | |  1.5
Dodging        | |  1.1

Action                   |  1- 3 |  4- 6 || total
-------------------------+-------+-------++-------
Melee: Dagger            |    95 |    23 ||   118
       Bite              |     4 |     4 ||     8
 Abil: End Transformatio |       |     1 ||     1
       Bat Form          |       |     1 ||     1
 Stab: Sleeping          |    23 |       ||    23
  Eat: Corpse            |     3 |     2 ||     5
Armor: Robe              |    20 |     3 ||    23
Dodge: Dodged            |    49 |     7 ||    56
